AoeStats
← BiscuitBoss

Arena

507889071Analyzed
3v3 RM · 10d ago on Sep 20, 2026· 83m 36s· 6 players
Game mode
Random Map
Map size
Normal (6 player)
Population
200
Speed
Normal
Resources
Standard
Victory
Conquest
Starting age
Dark Age
Ending age
Imperial Age
RankedLock teamsTeams togetherTeam positionsShared explorationLock speedFull tech treeHidden civsTurbo modeCheats
Victory
Defeat
🇺🇸 Lithuanians · United States
882
+17
🇺🇸 Armenians · United States
831
+19
🇺🇸 Hindustanis · United States
813
+20
🇦🇷 Franks · Argentina
948
-20
🇦🇷 Huns · Argentina
904
-19
🇦🇷 Britons · Argentina
848
-17
eljohin
1:32 Loom
13:52 Feudal Age
18:37 Castle Age
17:36 Double-Bit Axe
17:46 Stone Mining
26:04 Fletching
28:12 Murder Holes
30:56 Scale Barding Armor
33:25 Pikeman
34:06 Squires
36:35 Chain Barding Armor
36:26 Forging
41:33 Imperial Age
41:40 Elite Tarkan
42:45 Conscription
42:59 Husbandry
43:13 Bloodlines
42:58 Cavalier
44:09 Halberdier
45:27 Ballistics
49:30 Masonry
57:08 Chemistry
58:01 Bodkin Arrow
58:42 Plate Barding Armor
58:43 Iron Casting
58:09 Scale Mail Armor
57:41 Elite Skirmisher
67:28 Marauders
zequeitor
13:00 Feudal Age
15:13 Wheelbarrow
14:33 Double-Bit Axe
14:57 Fletching
16:53 Loom
17:15 Gold Mining
21:47 Castle Age
21:53 Padded Archer Armor
22:25 Crossbowman
26:00 Leather Archer Armor
27:14 Bodkin Arrow
27:45 Ballistics
27:44 Light Cavalry
29:18 Husbandry
32:43 Forging
41:42 Murder Holes
44:38 Imperial Age
44:27 Iron Casting
45:13 Scale Mail Armor
47:15 Bracer
48:29 Chemistry
48:03 Elite Longbowman
58:21 Pikeman
59:03 Halberdier
64:35 Capped Ram
65:40 Arson
76:46 Bow Saw
76:49 Arbalester
shadow++
12:59 Feudal Age
16:48 Castle Age
19:51 Double-Bit Axe
29:49 Gambesons
29:25 Pikeman
30:09 Squires
31:25 Scale Mail Armor
31:36 Forging
32:36 Bow Saw
32:16 Loom
37:33 Imperial Age
38:37 Chain Mail Armor
40:15 Plate Mail Armor
40:21 Iron Casting
39:39 Halberdier
43:48 Wheelbarrow
43:57 Conscription
44:41 Blast Furnace
47:54 Padded Archer Armor
47:51 Elite Throwing Axeman
55:43 Cavalier
56:24 Husbandry
57:03 Paladin
58:39 Scale Barding Armor
59:30 Hand Cart
59:00 Town Watch
60:35 Ballistics
60:13 Murder Holes
62:16 Chivalry
64:29 Chemistry
65:38 Light Cavalry
66:33 Capped Ram
67:20 Town Watch
68:49 Fortified Wall
74:39 Chain Barding Armor
75:02 Town Patrol
LordSandwichBoss
13:08 Feudal Age
13:33 Horse Collar
13:39 Double-Bit Axe
17:04 Man-at-Arms
17:57 Arson
18:18 Long Swordsman
22:10 Scale Mail Armor
22:20 Forging
23:43 Pikeman
26:35 Castle Age
36:33 Padded Archer Armor
36:24 Fletching
40:58 Stone Mining
41:36 Heavy Plow
45:30 Bow Saw
45:59 Wheelbarrow
48:37 Imperial Age
48:20 Hand Cart
48:02 Loom
48:03 Town Watch
47:57 Two-Handed Swordsman
48:23 Gambesons
48:39 Squires
48:03 Halberdier
50:39 Conscription
51:05 Fortified Wall
50:37 Champion
54:02 Conscription
54:43 Chain Mail Armor
55:03 Iron Casting
53:54 Capped Ram
56:10 Fereters
56:38 Plate Mail Armor
56:45 Town Patrol
59:46 Blast Furnace
77:30 Caravan
BiscuitBoss
11:31 Feudal Age
11:59 Double-Bit Axe
11:58 Horse Collar
18:13 Castle Age
17:43 Scale Barding Armor
17:49 Forging
20:01 Wheelbarrow
20:13 Chain Barding Armor
20:28 Iron Casting
20:11 Heavy Plow
20:23 Bow Saw
29:27 Husbandry
31:41 Light Cavalry
33:59 Hand Cart
37:58 Imperial Age
37:24 Iron Casting
37:22 Gold Mining
38:34 Bloodlines
39:26 Conscription
40:38 Cavalier
43:33 Paladin
46:17 Plate Barding Armor
46:30 Winged Hussar
47:46 Padded Archer Armor
47:37 Fletching
48:26 Crossbowman
49:11 Thumb Ring
50:59 Ballistics
52:35 Chemistry
51:55 Leather Archer Armor
52:23 Murder Holes
54:54 Ring Archer Armor
66:19 Pikeman
67:01 Squires
67:14 Halberdier
77:51 Caravan
BookishBoss
2:39 Loom
11:16 Feudal Age
12:08 Double-Bit Axe
12:05 Horse Collar
13:16 Gold Mining
13:16 Stone Mining
16:36 Wheelbarrow
16:04 Stone Mining
21:50 Castle Age
21:40 Arson
21:16 Man-at-Arms
22:05 Scale Barding Armor
22:12 Forging
22:03 Scale Mail Armor
25:01 Squires
24:22 Long Swordsman
25:06 Husbandry
25:28 Bow Saw
25:56 Stone Shaft Mining
25:56 Gold Shaft Mining
25:23 Heavy Plow
27:02 Grand Trunk Road
28:19 Town Watch
32:08 Hand Cart
32:33 Murder Holes
36:03 Masonry
35:45 Light Cavalry
41:27 Bloodlines
44:26 Imperial Age
47:58 Conscription
48:14 Hoardings
47:42 Heavy Camel Rider
51:37 Town Patrol
52:38 Siege Elephant
65:38 Imperial Camel Rider
79:40 Elite Ghulam
82:29 Hussar
Connection lost

Rejoining the realm…

Still unreachable

The connection could not be restored.

Session expired

The server has moved on; the page needs a fresh start.